Map: Neon Violet Square LE

Players

liquidthermy (uThermal) - Winner!

  • Race: Terran Terran
  • League: Grandmaster
  • Spawn Location: 11:00

Reynor

  • Race: Zerg Zerg
  • League: Grandmaster
  • Spawn Location: 5:00

Event: WESG Barcelona European Finals 2017

VOD

Have the link to the VOD?

Description

Time

  • Played on: Nov. 23, 2017, 2:37 p.m.
  • Length: 18:25

All games in this series

Show
View Real Time Build Order
Export as new Build Order

liquidthermy Terran - Winner!

Build Orders: Command Center First (CC), Liberator Opening, Mech 

Get SALT Encoding   

  12  0:01  SCV  
  13  0:13  SCV  
  14  0:18  Supply Depot  
  14  0:26  SCV  
  15  0:39  SCV  
  16  0:51  SCV  
  17  1:00  Command Center  
  17  1:03  SCV  
  18  1:14  Barracks  
  18  1:18  SCV  
  19  1:23  Refinery  
  19  1:30  SCV  
  19  1:31  Refinery  
  20  1:42  SCV  
  21  1:54  SCV  
  22  2:02  Reaper  
  22  2:06  Orbital Command  
  23  2:12  Orbital Command  
  23  2:19  Factory  
  23  2:31  SCV  
  23  2:34  Barracks Reactor  
  24  2:37  SCV  
  24  2:44  SCV  
  26  2:49  SCV  
  27  2:51  Supply Depot  
  27  2:58  SCV  
  27  3:02  SCV  
  27  3:03  Starport  
  28  3:14  Hellion x2  
  28  3:16  SCV x2, Barracks Tech Lab  
  34  3:28  SCV x2  
  34  3:29  Liberator  
  34  3:32  Supply Depot  
  36  3:36  Hellion x2  
  36  3:40  SCV x2  
  42  3:44  Marine  
  42  3:46  Cloaking Field  
  46  3:54  SCV x2  
  48  3:56  Supply Depot  
  48  4:01  Hellion x2  
  52  4:05  Armory  
  52  4:06  SCV x2  
  53  4:12  Supply Depot  
  53  4:18  SCV x2  
  53  4:22  Hellion  
  53  4:23  Hellion  
  59  4:28  Supply Depot  
  59  4:29  Banshee  
  62  4:34  SCV x2  
  64  4:43  Engineering Bay  
  64  4:46  SCV x2, Hellion x2  
  64  4:52  Terran Vehicle Weapons Level 1  
  70  4:58  SCV x2, Hellion x2  
  72  5:07  Supply Depot  
  72  5:10  SCV x2  
  74  5:17  Missile Turret  
  74  5:19  Hellion  
  74  5:20  Missile Turret  
  74  5:22  SCV x2, Missile Turret  
  70  5:34  SCV x2  
  73  5:46  Command Center  
  73  5:47  SCV x2  
  70  5:59  SCV x2  
  72  6:04  Thor  
  72  6:05  Viking x2  
  71  6:12  Refinery x2  
  71  6:15  SCV x2  
  71  6:16  Supply Depot  
  71  6:19  Supply Depot  
  71  6:22  Factory  
  71  6:23  Factory  
  68  6:27  SCV  
  68  6:31  Barracks Tech Lab  
  68  6:32  SCV  
  70  6:36  Missile Turret  
  70  6:38  Supply Depot  
  70  6:39  Supply Depot  
  69  6:40  SCV  
  69  6:44  SCV  
  65  6:52  SCV  
  64  6:56  SCV  
  64  6:57  Hellion x2  
  64  7:00  Orbital Command  
  68  7:05  SCV  
  68  7:08  SCV  
  67  7:14  Viking  
  69  7:17  Siege Tank  
  69  7:18  Hellion x2  
  69  7:19  Siege Tank  
  69  7:20  SCV x2  
  81  7:25  SCV  
  82  7:30  Refinery  
  82  7:32  SCV  
  83  7:37  Refinery  
  83  7:39  SCV, Hellion x2  
  83  7:40  Hellion x2  
  88  7:46  SCV  
  88  7:47  SCV  
  88  7:48  Viking  
  88  7:49  Siege Tank  
  98  7:51  Siege Tank  
  98  7:52  Supply Depot  
  98  7:53  SCV  
  98  7:54  Barracks Reactor  
  97  7:59  SCV x2  
  97  8:05  SCV, Barracks Reactor  
  100  8:07  Hellion x2  
  100  8:09  Terran Vehicle Weapons Level 2  
  100  8:11  SCV x2  
  106  8:17  SCV  
  106  8:19  Supply Depot  
  106  8:22  Factory  
  106  8:23  SCV x2, Factory, Hellion  
  106  8:24  Viking  
  106  8:27  Hellion  
  114  8:29  SCV, Hellion  
  117  8:36  Hellion  
  117  8:38  Supply Depot x2  
  119  8:44  Hellion  
  119  8:47  Infernal Pre-Igniter  
  121  8:54  Supply Depot, Viking, Hellion, Siege Tank  
  128  8:59  Hellion  
  126  9:07  Factory Tech Lab  
  123  9:12  Thor  
  124  9:20  Command Center  
  124  9:21  Command Center  
  124  9:23  Hellion  
  124  9:24  Hellion x2  
  130  9:26  Supply Depot  
  130  9:27  Starport Reactor  
  130  9:28  Hellion, Siege Tank  
  135  9:34  Hellion  
  135  9:42  Supply Depot  
  135  9:45  Hellion x2  
  139  9:46  Viking  
  139  9:51  Hellion  
  137  9:55  Hellion, Siege Tank x2  
  133  10:02  Hellion  
  133  10:06  Hellion x2  
  139  10:08  Sensor Tower  
  139  10:13  Hellion  
  141  10:16  Hellion, Viking  
  145  10:22  Hellion x3  
  145  10:23  Hellion  
  145  10:27  Terran Vehicle And Ship Armor Level 1, Missile Turret, Siege Tank  
  150  10:33  Planetary Fortress  
  150  10:39  Missile Turret, Orbital Command  
  150  10:41  Hellion  
  152  10:45  Hellion  
  152  10:47  Hellion  
  155  10:53  Armory  
  155  10:54  Hellion  
  155  10:57  Hellion, Siege Tank  
  162  11:00  Hellion  
  162  11:02  Hellion  
  166  11:07  Hellion  
  166  11:10  Viking  
  166  11:11  Hellion  
  170  11:16  Hellion  
  170  11:18  Siege Tank  
  175  11:31  Hellion x2, Siege Tank x2  
  181  11:38  Hellion  
  179  11:42  Starport Reactor  
  179  11:43  Hellion, Orbital Command  
  181  11:50  Siege Tank  
  181  11:53  Refinery  
  181  11:54  Terran Vehicle Weapons Level 3, Refinery  
  184  12:00  Hellion  
  182  12:02  Hellion  
  182  12:03  Siege Tank x2  
  184  12:14  Hellion x2  
  188  12:18  Factory  
  188  12:19  Factory  
  188  12:21  Hellion  
  188  12:22  Siege Tank  
  171  12:24  Hellion x5, Viking  
  159  12:35  Hellion, Siege Tank  
  159  12:36  Hellion  
  157  12:43  Hellion  
  154  12:45  Command Center, Hellion  
  158  12:54  Siege Tank  
  158  12:57  Command Center, Siege Tank  
  161  13:01  Hellion  
  161  13:05  Starport Tech Lab  
  161  13:07  Hellion x12, Siege Tank  
  161  13:08  Hellion  
  148  13:17  Factory Tech Lab  
  148  13:20  Hellion  
  148  13:23  Hellion x2  
  148  13:26  Siege Tank  
  157  13:32  Siege Tank  
  157  13:33  Terran Vehicle And Ship Armor Level 2  
  160  13:40  Raven  
  166  13:41  Hellion, Siege Tank  
  166  13:47  Siege Tank  
  168  13:51  Hellion  
  168  13:53  Hellion  
  155  13:57  Hellion  
  155  13:58  Siege Tank  
  151  14:03  Hellion  
  151  14:06  SCV x3  
  152  14:11  Planetary Fortress  
  149  14:18  SCV x3  
  152  14:30  SCV x3  
  153  14:33  Command Center  
  153  14:37  Terran Ship Weapons Level 1  
  153  14:38  Siege Tank x2  
  155  14:40  Siege Tank  
  155  14:42  SCV  
  155  14:43  SCV  
  160  14:48  Hellion x3  
  160  14:50  Hellion  
  166  14:55  Hellion  
  166  14:59  Medivac  
  127  15:00  Medivac  
  170  15:10  Hellion x3, Siege Tank x2  
  170  15:11  Hellion  
  170  15:12  Siege Tank  
  179  15:16  Hellion  
  179  15:31  Hellion x2  
  179  15:34  Hellion  
  185  15:38  Siege Tank  
  185  15:42  Thor  
  194  15:51  Orbital Command  
  194  15:52  Hellion, Siege Tank  
  197  16:04  Refinery  
  197  16:06  Hellion  
  197  16:10  Missile Turret  
  199  16:12  Refinery  
  199  16:16  Planetary Fortress  
  199  16:25  Viking  
  195  16:27  Hellion, Viking  
  199  16:42  Command Center  
  192  17:02  Viking  
  192  17:05  Hellion, Siege Tank  
  192  17:07  Hellion, Siege Tank  
  190  17:09  Viking  
  190  17:15  Hellion x2, Siege Tank  
  189  17:16  Siege Tank  
  192  17:27  Hellion  
  192  17:28  Command Center  
  192  17:30  Command Center  
  192  17:32  Viking  
  192  17:35  Hellion  
  196  17:39  Viking  
Show
View Real Time Build Order
Export as new Build Order

Reynor Zerg 

Build Orders: Pool First 

Get SALT Encoding   

  12  0:00  Drone  
  13  0:13  Overlord  
  13  0:17  Drone  
  14  0:24  Drone, Extractor  
  15  0:31  Drone  
  15  0:35  Drone  
  17  0:45  Spawning Pool  
  17  0:49  Drone  
  17  1:10  Hatchery  
  16  1:12  Drone  
  16  1:16  Drone  
  16  1:17  Extractor  
  17  1:32  Zergling x4  
  19  1:36  Queen  
  19  1:39  Zergling x2  
  22  1:50  Overlord  
  22  2:08  Drone  
  22  2:11  Drone  
  22  2:12  Queen  
  26  2:17  Metabolic Boost  
  26  2:22  Drone x2  
  28  2:29  Queen  
  30  2:34  Drone  
  32  2:37  Drone  
  32  2:46  Overlord  
  32  2:48  Drone x2  
  32  2:50  Drone  
  34  2:54  Drone  
  34  2:55  Drone  
  34  3:05  Drone  
  35  3:08  Queen  
  35  3:10  Drone  
  38  3:16  Lair  
  38  3:21  Overlord  
  38  3:24  Drone, Extractor  
  38  3:28  Drone x2  
  38  3:30  Zergling x2  
  38  3:32  Zergling x2  
  42  3:36  Drone, Extractor  
  42  3:37  Drone  
  42  3:40  Drone  
  44  3:42  Drone  
  44  3:45  Drone  
  44  3:46  Drone  
  47  3:52  Overlord  
  47  3:54  Drone, Extractor  
  47  4:04  Overlord  
  47  4:07  Drone x3  
  50  4:18  Drone x2, Spire  
  50  4:19  Drone  
  50  4:24  Drone x2  
  54  4:27  Spore Crawler  
  54  4:28  Drone  
  54  4:34  Drone x2  
  56  4:48  Hatchery  
  55  4:53  Spore Crawler  
  55  4:57  Overlord  
  55  4:58  Overlord  
  54  5:01  Zergling x6  
  54  5:06  Evolution Chamber  
  55  5:08  Evolution Chamber  
  47  5:32  Zergling x6  
  47  5:35  Mutalisk x4  
  47  5:36  Mutalisk  
  47  5:40  Mutalisk  
  58  5:46  Drone x3  
  58  5:49  Overseer  
  61  5:54  Mutalisk  
  59  6:02  Mutalisk  
  60  6:11  Drone x2  
  53  6:16  Drone x2  
  53  6:18  Drone  
  52  6:23  Mutalisk  
  52  6:24  Mutalisk  
  54  6:30  Queen  
  56  6:34  Overlord  
  56  6:43  Drone x4  
  58  6:47  Drone x2  
  58  6:51  Drone x2  
  58  6:53  Drone  
  61  6:56  Drone  
  62  7:05  Drone x3  
  62  7:06  Drone x2  
  65  7:11  Queen  
  67  7:18  Roach Warren  
  66  7:26  Overlord  
  66  7:40  Drone x3  
  69  7:59  Glial Reconstitution  
  69  8:00  Drone x5  
  69  8:01  Drone x8  
  82  8:06  Overlord  
  82  8:07  Evolution Chamber  
  81  8:13  Roach x2  
  81  8:14  Roach x3  
  81  8:18  Roach  
  93  8:24  Roach x2  
  97  8:27  Burrow  
  97  8:29  Evolution Chamber  
  97  8:31  Roach  
  97  8:32  Evolution Chamber  
  95  8:34  Roach  
  95  8:35  Roach x3  
  95  8:39  Zerg Missile Weapons Level 1  
  95  8:40  Overlord  
  105  8:43  Roach  
  105  8:47  Roach x3  
  111  8:59  Overlord  
  111  9:03  Roach x5  
  111  9:09  Overlord  
  120  9:11  Pneumatized Carapace  
  120  9:15  Drone  
  121  9:18  Overlord x3  
  121  9:20  Roach x3  
  121  9:23  Overlord  
  127  9:29  Roach x3  
  133  9:44  Roach x4  
  133  9:45  Roach x4  
  147  9:53  Roach x4  
  147  10:01  Ravager x4  
  147  10:02  Ravager x2  
  153  10:09  Roach  
  153  10:12  Roach  
  157  10:15  Overlord  
  157  10:21  Roach x2  
  157  10:22  Overlord  
  161  10:30  Overlord  
  161  10:31  Tunneling Claws  
  161  10:34  Roach x2  
  165  10:40  Roach x2  
  169  10:46  Roach x3  
  175  10:56  Overlord  
  167  11:10  Drone x12  
  169  11:12  Extractor x2  
  169  11:13  Overlord  
  169  11:18  Drone x4  
  161  11:29  Drone x5  
  161  11:30  Drone  
  159  11:40  Ravager x6  
  159  11:43  Drone x3  
  167  11:48  Ravager x3  
  167  11:51  Drone x3  
  173  12:01  Roach x25  
  173  12:04  Roach x4  
  173  12:05  Roach  
  175  12:13  Roach x3  
  181  12:22  Roach x2  
  183  12:23  Roach x2  
  181  12:31  Roach x2  
  175  12:38  Roach x5  
  175  12:40  Drone x2  
  181  12:49  Roach x2  
  185  12:56  Infestation Pit  
  185  12:57  Roach  
  185  12:58  Overlord  
  184  13:14  Hatchery  
  184  13:16  Overlord  
  181  13:21  Drone x2  
  181  13:27  Roach  
  185  13:29  Zerg Ground Armor Level 1  
  185  13:32  Overlord  
  185  13:50  Roach x6  
  185  13:51  Overlord  
  173  14:01  Hive  
  152  14:03  Roach x5  
  152  14:07  Drone x5  
  165  14:11  Ravager x3  
  168  14:23  Hydralisk Den  
  165  14:45  Drone x12  
  177  14:59  Muscular Augments  
  173  15:15  Viper x2  
  173  15:16  Viper x3  
  173  15:17  Hydralisk x3  
  173  15:18  Hydralisk x2  
  198  15:27  Viper x2  
  197  15:32  Drone x3  
  197  15:33  Extractor  
  197  15:35  Extractor, Overlord  
  198  15:36  Overlord  
  198  15:43  Greater Spire  
  198  15:47  Overlord  
  198  15:51  Overlord  
  198  15:52  Evolution Chamber  
  197  15:57  Hydralisk  
  199  16:22  Hydralisk, Roach  
  199  16:25  Hydralisk x2  
  195  16:29  Overseer  
  199  16:37  Hydralisk x2  
  199  16:38  Hydralisk x2  
  200  16:42  Hydralisk  
  200  16:45  Overlord  
  200  16:46  Overlord  
  158  17:15  Ravager x3  
  106  17:22  Mutalisk  
  106  17:23  Mutalisk x4  
  118  17:30  Queen  
  118  17:33  Mutalisk x2  
  124  17:38  Mutalisk  
  124  17:42  Mutalisk x2  
  121  17:45  Mutalisk  
  113  17:54  Mutalisk  
  113  17:57  Mutalisk x2  
  111  18:01  Zergling x6  
Tags
 
Add a new tag
Caveats
  • Supply blocks, unpowered buildings, or Contaminate may cause inaccurate times.
  • Supply counts are checked every 10 seconds.